 Dungeon Sprint DCSS version 0.15-a0-970-ga23ad50 (webtiles) character file.

40 MDvedh the Stinger (level 3, -16/28 HPs)
             Began as a Gargoyle Venom Mage on May 23, 2014.
             Was an Initiate of Vehumet.
             Demolished by a hill giant
             ... wielding a +0,+0 giant club
              (18 damage)
             ... in the Dungeon (Sprint IX: "|||||||||||||||||||||||||||||").
             The game lasted 00:01:46 (441 turns).

MDvedh the Stinger (Gargoyle Venom Mage)             Turns: 441, Time: 00:01:46

HP -16/28        AC 12     Str 19      XL: 3   Next: 50%
MP   5/8         EV 12     Int 19      God: Vehumet [......]
Gold 0           SH  0     Dex 10      Spells:  1 memorised,  8 levels left

rFire  . . .     SeeInvis .     r - +2 morningstar (protect)
rCold  . . .     Clarity  .     a - +0 robe
rNeg   + . .     Conserve .     (no shield)
rPois  +         rCorr    .     (no helmet)
rElec  +         rRot     +     o - +0 cloak
SustAb .         Spirit   .     p - +0 pair of gloves
rMut   .         Warding  .     (no boots)
Gourm  .         NoTele   +     (no amulet)
MR     .....                    t - +3 ring of strength
                                s - +3 ring of intelligence

@: berserking, very quick, not resistant to hostile enchantments, extremely
unstealthy
A: life protection 1, electricity resistance, unbreathing, petrification
resistance, AC +3
a: Renounce Religion


You were in the Dungeon.
You worshipped Vehumet.
Vehumet was noncommittal.
You were not hungry.

You visited 1 branch

Inventory:

Hand weapons
 j - a +0,+0 short sword
 r - a +2,+2 morningstar of protection (weapon)
Armour
 a - a +0 robe (worn)
 o - a +0 cloak (worn)
 p - a +0 pair of gloves (worn)
Magical devices
 n - a wand of draining (7)
Comestibles
 c - a bread ration
Scrolls
 i - 2 scrolls of blinking
 l - 3 scrolls of remove curse
 m - 2 scrolls of amnesia
Jewellery
 s - a +3 ring of intelligence (left hand)
 t - a +3 ring of strength (right hand)
Potions
 d - 5 potions of curing
 e - a potion of invisibility
 f - a potion of haste
 g - 4 potions of magic
 k - 2 potions of heal wounds
Books
 b - a Young Poisoner's Handbook

   Spells                             Type                      Level
   *Sting                             Conjuration/Poison           1
   Cure Poison                        Poison                       2
   Mephitic Cloud                     Conjuration/Poison/Air       3
   Olgreb's Toxic Radiance            Poison                       4
   Venom Bolt                         Conjuration/Poison           5
Magical staves
 q - an uncursed staff of energy


   Skills:
 - Level 1.5 Dodging
 - Level 2.1 Stealth
 + Level 3.8 Spellcasting
 + Level 4.0 Conjurations
 + Level 5.5 Poison Magic


You had 8 spell levels left.
You knew the following spells:

 Your Spells              Type           Power        Failure   Level  Hunger
a - Sting                 Conj/Pois      ###.         1%          1    None


Dungeon Overview and Level Annotations

Branches:
Dungeon (1/1)

Altars:
Cheibriados
Dithmenos
Elyvilon
Fedhas
Gozag
Kikubaaqudgha
Makhleb
Nemelex Xobeh
Okawaru
Qazlal
Sif Muna
Trog
Vehumet
Xom
Yredelemnul
Zin
The Shining One
Beogh
Jiyva
Lugonu


Innate Abilities, Weirdness & Mutations

You are resistant to torment.
You are immune to poison.
You are immune to rotting.
Your stone body is very resilient (AC +3).
You resist negative energy.
You are resistant to electric shocks.
You can survive without breathing.
You are immune to petrification.


Message History

You feel yourself moving faster!
You feel mighty!
The sky beast flickers out of sight!
Deactivating autopickup; reactivate with Ctrl-A.
The hill giant closely misses you. The orc barely misses you.
Unknown command.
You barely miss the hill giant.
The hill giant is lightly wounded.
You impale the hill giant!!
The hill giant is moderately wounded.
The orc hits you from afar with a trident.
A sky beast appears from thin air!
Reactivating autopickup.
The hill giant hits you with a giant club!
* * * LOW HITPOINT WARNING * * *
You barely miss the hill giant.
The hill giant is moderately wounded.
The orc barely misses you.
The hill giant hits you with a giant club!!
Ouch! That really hurt!
You die...

▓'▓
▓_▓
▓_▓
▓_▓
▓_▓
▓_▓
▓_▓
▓_▓
▓@▓
▓C▓
▓o▓
▓h▓
▓Y▓
▓Z▓
▓_▓
▓_▓
▓_▓


You could see a hill giant, a sky beast, an orc, a jackal and an adder skeleton.

Vanquished Creatures
  A worker ant (D)
  A worm (D)
  A giant gecko (D)
  A bat (D)
  2 giant newts (D)
  A goblin (D)
  A hobgoblin zombie (D)
  A kobold (D)
  2 rats (D)
11 creatures vanquished.

Notes
Turn   | Place    | Note
--------------------------------------------------------------
     0 | D        | MDvedh, the Gargoyle Venom Mage, began the quest for the Orb.
     0 | D        | Reached XP level 1. HP: 10/10 MP: 3/3
     8 | D        | Reached skill level 1 in Conjurations
   175 | D        | Reached XP level 2. HP: 4/15 MP: 0/5
   354 | D        | Found a glowing silver altar of Zin.
   354 | D        | Found a glowing golden altar of the Shining One.
   354 | D        | Found an ancient bone altar of Kikubaaqudgha.
   354 | D        | Found a basalt altar of Yredelemnul.
   354 | D        | Found a shimmering altar of Xom.
   354 | D        | Found a radiant altar of Vehumet.
   354 | D        | Found an iron altar of Okawaru.
   355 | D        | Found a burning altar of Makhleb.
   356 | D        | Found a deep blue altar of Sif Muna.
   357 | D        | Found a bloodstained altar of Trog.
   358 | D        | Found a sparkling altar of Nemelex Xobeh.
   359 | D        | Found a white marble altar of Elyvilon.
   360 | D        | Found a roughly hewn altar of Beogh.
   361 | D        | Found a viscous altar of Jiyva.
   362 | D        | Became a worshipper of Vehumet
   363 | D        | Found a corrupted altar of Lugonu.
   364 | D        | Found a blossoming altar of Fedhas.
   365 | D        | Found a snail-covered altar of Cheibriados.
   366 | D        | Found a shadowy altar of Dithmenos.
   367 | D        | Found a stormy altar of Qazlal.
   368 | D        | Found an opulent altar of Gozag.
   410 | D        | Noticed a worker ant
   410 | D        | Noticed a hill giant
   410 | D        | Noticed a sky beast
   423 | D        | Killed a worker ant
   423 | D        | Reached skill level 5 in Poison Magic
   423 | D        | Reached XP level 3. HP: 13/19 MP: 5/8
   441 | D        | Demolished by a hill giant

Action                   || total
-------------------------++-------
Melee: Unarmed           ||    10
       Short sword       ||    13
       Morningstar       ||     3
 Cast: Sting             ||    13
  Use: Potion            ||     2
